Map: Eastwatch LE

Players

axu - Winner!

  • Race: Protoss Protoss
  • League: Platinum
  • Spawn Location: 7:00

xxxTURBOXxxx

  • Race: Protoss Protoss
  • League: Platinum
  • Spawn Location: 1:00

VOD

Have the link to the VOD?

Description

Time

  • Played on: April 20, 2018, 11:36 a.m.
  • Length: 3:42
Show
View Real Time Build Order
Export as new Build Order

axu Protoss - Winner!

Build Orders:  

Get SALT Encoding   

  12  0:01  Probe  
  13  0:13  Probe  
  14  0:19  Pylon  
  14  0:25  Probe  
  15  0:37  Probe  
  16  0:43  Gateway  
  16  0:49  Probe  
  17  0:58  Assimilator  
  17  1:01  Probe  
  18  1:09  Assimilator  
  18  1:13  Probe  
  18  1:16  Gateway  
  20  1:25  Probe  
  20  1:36  Cybernetics Core  
  20  1:39  Probe  
  21  1:47  Probe  
  21  1:50  Pylon  
  22  1:55  Probe  
  23  2:05  Adept  
  23  2:08  Probe  
  23  2:12  Adept  
  28  2:34  Gateway x2  
  28  2:37  Twilight Council  
  28  2:45  Stalker  
  30  2:52  Pylon  
  30  3:07  Probe  
  30  3:09  Stalker  
  33  3:21  Pylon  
  33  3:29  Probe  
Show
View Real Time Build Order
Export as new Build Order

xxxTURBOXxxx Protoss 

Build Orders:  

Get SALT Encoding   

  12  0:09  Probe, Pylon  
  13  0:17  Probe  
  13  0:27  Probe  
  15  0:37  Gateway  
  15  0:39  Probe  
  16  0:51  Probe  
  16  0:56  Assimilator  
  17  0:59  Assimilator  
  17  1:00  Probe  
  18  1:08  Probe  
  18  1:18  Probe  
  20  1:30  Cybernetics Core, Probe  
  21  1:35  Pylon  
  21  1:42  Probe  
  22  2:00  Nexus  
  22  2:02  Pylon  
  22  2:03  Probe  
  23  2:11  Probe  
  24  2:21  Robotics Facility  
  24  2:27  Probe  
  25  2:39  Probe  
  25  2:43  Gateway  
  26  2:50  Pylon  
  26  2:59  Robotics Facility  
  26  3:00  Probe  
  27  3:08  Probe  
  28  3:18  Probe  
  28  3:20  Assimilator  
  28  3:30  Probe  
Tags
 
Add a new tag
Caveats
  • Supply blocks, unpowered buildings, or Contaminate may cause inaccurate times.
  • Supply counts are checked every 10 seconds.